 Seeded DCSS version 0.31-a0-229-g1fc7ce93e2 (webtiles) character file.

Game seed: 13275427502194390118 (custom seed)

47 rocky1 the Stinger (level 3, 0/26 HPs)
             Began as a Merfolk Venom Mage on July 7, 2023.
             Slain by Natasha (8 damage)
             ... on level 2 of the Dungeon.
             The game lasted 00:04:21 (1230 turns).

rocky1 the Stinger (Merfolk Venom Mage)             Turns: 1230, Time: 00:04:21

Health: 0/26       AC:  2    Str: 14    XL:     3   Next: 70%
Magic:  0/6        EV: 13    Int: 14    God:
Gold:   20         SH:  0    Dex: 16    Spells: 3/7 levels left

rFire   + . .        g - +0 short sword
rCold   + . .        (no shield)
rNeg    . . .        h - +0 robe {rC+ rF+}
rPois   .            (no helmet)
rElec   .            (no cloak)
rCorr   .            (no gloves)
SInv    .            (no boots)
Will    .....        (no amulet)
Stlth   ++           c - +6 ring of strength
HPRegen 0.24/turn    (no ring)
MPRegen 0.10/turn

%: no passive effects
@: no status effects
A: (nimble swimmer 2), mertail
a: no special abilities


You were on level 2 of the Dungeon.
You visited 1 branch of the dungeon, and saw 2 of its levels.

You collected 20 gold pieces.

Inventory:

Hand Weapons
 g - a +0 short sword (weapon)
Missiles
 j - 6 poisoned darts
Armour
 a - a +0 robe
 h - a +0 robe of resistance (worn)
Jewellery
 c - a +6 ring of strength (left hand)
Scrolls
 d - a scroll of teleportation {unknown}
 e - a scroll of silence {unknown}
 f - a scroll of summoning {unknown}
 i - a scroll of fear {unknown}
Potions
 b - a potion of magic


   Skills:
 + Level 1.3 Fighting
 + Level 1.2 Long Blades
 - Level 2.6 Dodging
 - Level 2.1 Stealth
 * Level 2.5 Spellcasting
 - Level 1.3 Transmutations
 + Level 0.5 Ice Magic
 * Level 3.8 Poison Magic


You had 3 spell levels left.
You knew the following spells:

 Your Spells              Type           Power      Damage    Failure   Level
a - Sting                 Tmut/Pois      36%        1d4       8%          1
b - Ozocubu's Armour      Ice            3%         N/A       47%         3

Your spell library contained the following spells:

 Spells                   Type           Power      Damage    Failure   Level
 Poisonous Vapours        Pois/Air       14%        N/A       16%         2
 Mephitic Cloud           Conj/Pois/Air  5%         N/A       36%         3
 Olgreb's Toxic Radiance  Pois           12%        N/A       41%         4
 Metabolic Englaciation   Hex/Ice        1%         N/A       99%         5
 Simulacrum               Ice/Necr       1%         N/A       100%        6


Dungeon Overview and Level Annotations

Branches:
Dungeon (2/15)

Altars:

Shops:
D:1 :==[

Annotations:
D:2 Natasha


Innate Abilities, Weirdness & Mutations

((You are very nimble when in or above water. (Stealth+, EV+, Speed+++)))
Your lower body shifts to a powerful aquatic tail in water.


Message History

Unknown command.
Aiming: Sting (safe; 8% risk of failure)
Press: ? - help, Q - select action, (/) - cycle Shift-Dir - straight line, f/p - Natasha
Aim: Natasha (60% to hit)
The sting misses Natasha.
Natasha barely misses you.
Unknown command.
Aiming: Sting (safe; 8% risk of failure)
Press: ? - help, Q - select action, (/) - cycle Shift-Dir - straight line, f/p - Natasha
Aim: Natasha (60% to hit)
The sting hits Natasha but does no damage.
Natasha is poisoned.
The kobold misses you. Natasha barely misses you.
Aiming: Sting (safe; 8% risk of failure)
Press: ? - help, Q - select action, (/) - cycle Shift-Dir - straight line, f/p - Natasha
Aim: Natasha (lightly wounded, poisoned, 60% to hit)
The sting misses Natasha.
The kobold hits you with a +0 club. Natasha claws you but does no damage.
Unknown command.
Aiming: Sting (safe; 8% risk of failure)
Press: ? - help, Q - select action, (/) - cycle Shift-Dir - straight line, f/p - Natasha
Aim: Natasha (lightly wounded, poisoned, 60% to hit)
The sting hits Natasha.
Natasha looks even sicker.
Natasha is lightly wounded.
The kobold barely misses you. Natasha barely misses you.
Aiming: Sting (safe; 8% risk of failure)
Press: ? - help, Q - select action, (/) - cycle Shift-Dir - straight line, f/p - Natasha
Aim: Natasha (lightly wounded, very poisoned, 60% to hit)
The sting misses Natasha.
The kobold hits you with a +0 club. Natasha casts a spell at you.
The magic dart hits you.
You don't have enough magic to cast this spell.
You don't have enough magic to cast this spell.
Unknown command.
The kobold attacks as you move away! The kobold hits you with a +0 club.
Natasha attacks as you move away! Natasha barely misses you.
The kobold attacks as you move away! The kobold closely misses you.
Natasha attacks as you move away! Natasha claws you!
You die...

.. .. #.. .. ### #.# .##
...## #.# ..
####...###.####.# .
#...##..........# #.#
...........# #..#...##
........h..###........
.......@K.............
.............##.####..
...........#........
######...#......####.####
##..........#.........#
##.......#####.........#
#......................#
#....<.....###.........#
#..........# #.........#


You could see Natasha (very poisoned) and a kobold.

Vanquished Creatures
  Jessica (D:2)
  A dart slug (D:2)
  4 bats
  2 giant cockroaches
  2 goblins (D:1)
  3 kobolds
  2 quokkas
  A ball python (D:1)
  A frilled lizard (D:2)
  A rat (D:1)
18 creatures vanquished.

Notes
Turn   | Place    | Note
-------+----------+-------------------------------------------
     0 | D:1      | rocky1 the Merfolk Venom Mage began the quest for the Orb.
     0 | D:1      | Reached XP level 1. HP: 13/13 MP: 3/3
    11 | D:1      | Found Onlezats's Jewellery Emporium.
   219 | D:1      | Found Saufiugh's Armour Emporium.
   224 | D:1      | Reached XP level 2. HP: 20/20 MP: 3/5
   407 | D:1      | Found Zyuqykanwy's Book Shop.
   579 | D:1      | Found Obocek's Jewellery Boutique.
   752 | D:2      | Noticed Jessica
   797 | D:2      | Killed Jessica
   798 | D:2      | Reached skill level 1 in Fighting
   798 | D:2      | Reached skill level 1 in Long Blades
   798 | D:2      | Reached XP level 3. HP: 16/26 MP: 0/6
   921 | D:2      | Learned a level 3 spell: Ozocubu's Armour
   973 | D:2      | Noticed Natasha
  1019 | D:2      | HP: 1/26 [cerulean imp/+2 spear[Natasha] (5)]
  1230 | D:2      | Slain by Natasha

Illustrated notes

Levels and vault maps discovered:
D:1:      erik_arrival_blinker_ship, layout_loops_ring, serial_shops, shop,
          shop, shop, nicolae_shop_rolling_square
D:2:      layout_rooms, ebering_ecumenical_altar_hall, basic_altar,
          uniq_natasha, uniq_jessica

Skill      XL: |  1  2 |
---------------+-------+-----
Fighting       | 1 |  1.3
Long Blades    | 1 |  1.2
Dodging        | |  2.6
Stealth        | |  2.1
Spellcasting   | |  2.5
Transmutations | |  1.3
Ice Magic      | |  0.5
Poison Magic   | |  3.8

Action                     || total
---------------------------++-------
  Melee: Short sword       ||     4
   Cast: Sting             ||    44
 Armour: Robe              ||     6
  Dodge: Dodged            ||    27

Table legend: (Time is in decaauts)
 A = Elapsed time spent in this place.
 B = Non-inter-level travel time spent in this place.
 C = Inter-level travel time spent in this place.
 D = Time resting spent in this place.
 E = Time spent auto-exploring this place.
 F = Levels seen in this place.
 G = Mean time per level.
                   A        B        C        D        E       F      G
               +--------+--------+--------+--------+--------+-----+--------+
         Total |   1232 |   1176 |     56 |    412 |    541 |   2 |  616.0 |
       Dungeon |   1232 |   1176 |     56 |    412 |    541 |   2 |  616.0 |
               +--------+--------+--------+--------+--------+-----+--------+

Top non-repeatable levels by time:
     D:1: 1035 daAuts
     D:2: 197 daAuts
